Map: Efemeryda ER

Players

QhtenZiBotch - Winner!

  • Race: Protoss Protoss
  • League: Silver
  • Spawn Location: 11:00

kers

  • Race: Protoss Protoss
  • League: Platinum
  • Spawn Location: 5:00

VOD

Have the link to the VOD?

Description

Time

  • Played on: March 4, 2020, 2:10 p.m.
  • Length: 3:20
Show
View Real Time Build Order
Export as new Build Order

QhtenZiBotch Protoss - Winner!

Build Orders:  

Get SALT Encoding   

  12  0:38  Pylon  
  12  0:57  Gateway  
  12  0:58  Gateway x2  
  12  1:04  Pylon  
  12  1:44  Zealot x2 (Chrono Boost)  
  18  1:53  Zealot (Chrono Boost)  
  18  2:02  Zealot x2 (Chrono Boost)  
  22  2:13  Zealot  
  24  2:28  Zealot  
  24  2:29  Zealot  
  26  2:40  Zealot  
Show
View Real Time Build Order
Export as new Build Order

kers Protoss 

Build Orders:  

Get SALT Encoding   

  12  0:00  Probe  
  13  0:12  Probe  
  14  0:18  Pylon  
  14  0:24  Probe  
  15  0:37  Probe (Chrono Boost)  
  15  0:40  Gateway  
  16  0:48  Probe (Chrono Boost)  
  17  0:53  Assimilator  
  17  0:54  Probe (Chrono Boost)  
  18  1:03  Probe  
  19  1:15  Probe  
  20  1:27  Probe  
  20  1:32  Cybernetics Core  
  21  1:39  Probe  
  22  1:55  Pylon  
  22  1:59  Probe  
  23  2:12  Zealot (Chrono Boost)  
  23  2:13  Probe  
  26  2:26  Probe  
  24  2:32  Gateway  
  24  2:36  Gateway  
  18  2:38  Gateway  
  9  3:04  Probe  
Tags
 
Matchup
PvP
Spawn Locations
Cross Positions
Add a new tag
Caveats
  • Supply blocks, unpowered buildings, or Contaminate may cause inaccurate times.
  • Supply counts are checked every 10 seconds.